 Dungeon Crawl Stone Soup version 0.30-a0-883-g5ad918d77d (webtiles) character file.

Game seed: 6803440589192477067

9271 cheesebisquit the Grappler (level 11, -13/105 HPs)
             Began as a Troll Fighter on Mar 17, 2023.
             Was a Follower of Elyvilon.
             Mangled by Snorg (15 damage)
             ... on level 10 of the Dungeon.
             The game lasted 00:35:00 (8257 turns).

cheesebisquit the Grappler (Troll Fighter)          Turns: 8257, Time: 00:35:01

Health: -13/105    AC:  9    Str: 33    XL:     11   Next: 20%
Magic:  19/19      EV:  8    Int:  2    God:    Elyvilon [*.....]
Gold:   223        SH: 26    Dex:  9    Spells: 10/10 levels left

rFire   . . .      SeeInvis .      - Unarmed
rCold   . . .      Faith    .    e - +8 tower shield of Inaction {rElec Regen+ Str+3 Int-2}
rNeg    . . .      Spirit   .    g - +0 steam dragon scales
rPois   .          Reflect  +    (helmet restricted)
rElec   +          Rampage  .    t - +1 cloak
rCorr   .                        (gloves unavailable)
Will    .....                    (boots unavailable)
Stlth   +                        k - amulet of reflection
HPRegen 1.97/turn                H - ring of magical power
MPRegen 0.16/turn                (no ring)

@: hasted, very quick
A: large, unfitting armour, claws 3, regeneration 1, shaggy fur 1, tough skin 1
a: Renounce Religion, Purification


You were on level 10 of the Dungeon.
You worshipped Elyvilon.
Elyvilon was aware of your devotion.
You visited 2 branches of the dungeon, and saw 11 of its levels.

You collected 390 gold pieces.
You spent 167 gold pieces at shops.

Inventory:

Hand Weapons
 c - a +0 giant club
Missiles
 m - 12 poisoned darts (quivered)
 o - 2 silver boomerangs
 s - 4 large rocks
 D - 6 curare-tipped darts
Armour
 a - a +0 robe
 e - the +8 tower shield of Inaction (worn) {rElec Regen+ Str+3 Int-2}
   (You acquired it on level 7 of the Dungeon)

   Str:       It affects your strength (+3).
   Int:       It affects your intelligence (-2).
   rElec:     It insulates you from electricity.
   Regen:     It increases your rate of health regeneration.
 g - +0 steam dragon scales (worn)
 t - a +1 cloak (worn)
 G - a scarf of resistance
Jewellery
 k - an amulet of reflection (around neck)
 H - a ring of magical power (left claw)
Wands
 q - a wand of mindburst (18)
 u - a wand of flame (18)
 w - a wand of paralysis (23)
 x - a wand of roots (15)
Scrolls
 b - a scroll of enchant armour {unknown}
 h - a scroll of fear {unknown}
 i - 3 scrolls of poison
 j - 10 scrolls of teleportation
 n - a scroll of vulnerability {unknown}
 p - 3 scrolls of blinking
 r - 2 scrolls of immolation {unknown}
 z - 3 scrolls of enchant weapon {unknown}
 C - 3 scrolls of fog {unknown}
 E - a scroll of silence {unknown}
Potions
 d - a potion of curing
 f - a potion of cancellation
 l - 2 potions of ambrosia
 v - a potion of invisibility
 A - a potion of brilliance
 B - a potion of might
 F - a potion of attraction
 I - a potion of flight {unknown}


   Skills:
 + Level 6.3 Fighting
 * Level 8.4 Throwing
 + Level 4.9 Dodging
 + Level 7.1 Shields
 * Level 10.3 Unarmed Combat


You had 10 spell levels left.
You didn't know any spells.
Your spell library contained the following spells:

 Spells                   Type           Power      Damage    Failure   Level
 Lesser Beckoning         Tloc           0%         N/A       99%         2
 Gell's Gravitas          Tloc           0%         N/A       100%        3
 Portal Projectile        Hex/Tloc       0%         N/A       100%        3
 Teleport Other           Tloc           0%         N/A       100%        3
 Tukima's Dance           Hex            0%         N/A       100%        3
 Leda's Liquefaction      Hex/Erth       0%         N/A       100%        4
 Blade Hands              Tmut           0%         N/A       100%        5
 Lee's Rapid Deconstruct  Erth           0%         3d4*      100%        5
 Dispersal                Tloc           0%         N/A       100%        6
 Statue Form              Tmut/Erth      0%         N/A       100%        6


Dungeon Overview and Level Annotations

Branches:
Dungeon (10/15)            Temple (1/1) D:5            Lair (0/5) D:8
    Orc (0/2) D:9

Altars:
Ashenzari
Cheibriados
Dithmenos
Elyvilon
Fedhas
Gozag
Hepliaklqana
Kikubaaqudgha
Makhleb
Nemelex Xobeh
Okawaru
Qazlal
Ru
Sif Muna
Trog
Uskayaw
Vehumet
Wu Jian
Xom
Yredelemnul
Zin
The Shining One

Shops:
D:3 [   D:6 *   D:8 :

Annotations:
D:10 Snorg


Innate Abilities, Weirdness & Mutations

You are too large for most types of armour.
You have claws for hands.
Your natural rate of healing is unusually fast.
You are covered in fur. (AC +1)
You have tough skin. (AC +1)


Message History

You claw Snorg!
Snorg is moderately wounded.
You hear an angry buzzing noise.
You hear a shout!
You block Snorg's attack. x2; Snorg claws you.
A killer bee comes into view.
You block Snorg's attack. Snorg completely misses you.
Snorg closely misses you.
You barely miss Snorg.
Snorg is moderately wounded.
Snorg bites you!! Snorg claws you but does no damage. You block Snorg's attack.
Snorg barely misses you. Snorg claws you! You block Snorg's attack.
You block the killer bee's attack. Snorg barely misses you.
You block Snorg's attack. Snorg completely misses you.
Snorg attacks as you move away! You block Snorg's attack. x3
You block the killer bee's attack. The killer bee stings you.
Snorg attacks as you move away! You block Snorg's attack.
Snorg completely misses you. Snorg claws you.
You block the killer bee's attack. Snorg bites you but does no damage.
Snorg claws you. Snorg claws you! Snorg attacks as you move away!
You block Snorg's attack. Snorg claws you! You block Snorg's attack.
The killer bee stings you. Snorg attacks as you move away!
You block Snorg's attack. x2; Snorg claws you!
The killer bee attacks as you move away!
You block the killer bee's attack. x2; Snorg completely misses you.
Snorg claws you. Snorg closely misses you. Snorg attacks as you move away!
You block Snorg's attack. Snorg claws you!
* * * LOW HITPOINT WARNING * * *
Snorg claws you.
* * * LOW HITPOINT WARNING * * *
You block the killer bee's attack. x2
You feel yourself speed up. You block the killer bee's attack.
You block Snorg's attack. Snorg claws you!
* * * LOW HITPOINT WARNING * * *
Snorg barely misses you. You block the killer bee's attack.
Snorg closely misses you. Snorg claws you!
* * * LOW HITPOINT WARNING * * *
Snorg claws you. Elyvilon protects you from harm!
Snorg attacks as you move away! You block Snorg's attack. Snorg claws you!
You die...

.........!.......# ..
...#p............##..
#....................
#................. .
................. ..
.##..^.........# #.
#...........##
#..#####..y......)##
##....#.#.@T.......# ##..
..........##......####.....
#......<...#...............
..................)........
.......≈≈≈≈≈≈≈......>......
......≈≈##.##≈≈............
...##.≈##...##≈.#..........
.. #.~ .. [.#≈.##........#
. .@. ...≈........#..#


You could see Snorg (berserk, very poisoned), a wizard and a killer bee.

Vanquished Creatures
  A boulder beetle (D:10)
  2 two-headed ogres
  Pikel (D:7)
  Joseph (D:10)
  A troll (D:10)
  2 shadows (D:9)
  2 wyverns
  6 yaks
  3 steam dragons
  2 wargs (D:9)
  2 acid dragons
  3 water moccasins
  7 orc warriors
  2 sky beasts
  An ogre (D:4)
  4 centaurs
  A lemure (D:8)
  A phantom (D:5)
  A kobold brigand (D:6)
  6 bullfrogs
  A gnoll sergeant (D:9)
  3 scorpions
  7 wights
  9 killer bees
  4 howler monkeys (D:7)
  2 hounds
  3 jellies
  5 orc priests
  2 sleepcaps
  6 iguanas
  6 orc wizards
  12 gnolls
  10 adders
  2 shadow imps
  A white imp (D:7)
  2 ufetubi
  A worm (D:4)
  2 dart slugs
  40 orcs
  4 ball pythons
  3 bats (D:1)
  10 endoplasms
  2 giant cockroaches
  6 goblins
  9 hobgoblins
  3 jackals (D:1)
  10 kobolds
  7 quokkas
  4 frilled lizards
  9 rats
  8 bushes (D:1)
242 creatures vanquished.

Vanquished Creatures (others)
  4 plants (D:1)
4 creatures vanquished.

Grand Total: 246 creatures vanquished

Notes
Turn   | Place    | Note
-------+----------+-------------------------------------------
     0 | D:1      | cheesebisquit the Troll Fighter began the quest for the
                  | Orb.
     0 | D:1      | Reached XP level 1. HP: 22/22 MP: 0/0
    63 | D:1      | Reached XP level 2. HP: 29/29 MP: 1/1
   660 | D:1      | Reached XP level 3. HP: 36/36 MP: 2/2
  1539 | D:2      | Reached skill level 3 in Unarmed Combat
  2039 | D:2      | Reached XP level 4. HP: 34/44 MP: 3/3
  2756 | D:3      | Reached XP level 5. HP: 53/53 MP: 4/4
  2771 | D:3      | Reached skill level 4 in Unarmed Combat
  2787 | D:3      | Noticed a centaur
  2789 | D:3      | Killed a centaur
  2808 | D:3      | Found Ucoustray's Antique Armour Shoppe.
  3514 | D:4      | Noticed a water moccasin
  3611 | D:4      | Reached skill level 1 in Throwing
  3611 | D:4      | Reached XP level 6. HP: 59/61 MP: 5/5
  3649 | D:4      | Killed a water moccasin
  3652 | D:4      | Reached skill level 5 in Unarmed Combat
  3698 | D:4      | Reached XP level 7. HP: 44/68 MP: 6/6
  3891 | D:5      | Entered Level 5 of the Dungeon
  4024 | D:5      | Found a staircase to the Ecumenical Temple.
  4055 | Temple   | Entered the Ecumenical Temple
  4436 | D:5      | Found a snail-covered altar of Cheibriados.
  4638 | D:6      | Reached skill level 6 in Unarmed Combat
  4782 | D:6      | Found Fesimm's Serpentskin Sales.
  4807 | D:6      | Reached XP level 8. HP: 71/78 MP: 7/7
  4810 | D:6      | Bought a scroll of poison for 52 gold pieces
  4810 | D:6      | Bought 4 curare-tipped darts for 62 gold pieces
  4810 | D:6      | Bought 3 poisoned darts for 23 gold pieces
  4810 | D:6      | Bought 2 poisoned darts for 15 gold pieces
  4810 | D:6      | Bought 2 poisoned darts for 15 gold pieces
  5014 | D:6      | Found an opulent altar of Gozag.
  5412 | D:6      | Reached skill level 5 in Shields
  5420 | D:6      | Reached skill level 7 in Unarmed Combat
  5601 | D:6      | Reached skill level 5 in Throwing
  5724 | D:7      | Identified a scroll of acquirement
  5725 | D:7      | Acquired the +8 tower shield of Inaction {rElec Regen+
                  | Str+3 Int-2}
  5791 | D:7      | Reached XP level 9. HP: 85/85 MP: 8/8
  5901 | D:7      | Reached skill level 5 in Fighting
  5901 | D:7      | Reached skill level 8 in Unarmed Combat
  5903 | D:7      | Found an iron altar of Okawaru.
  6376 | D:8      | Noticed Pikel
  6388 | D:7      | Killed Pikel
  6445 | D:7      | Reached XP level 10. HP: 93/96 MP: 9/9
  6679 | D:8      | Reached skill level 9 in Unarmed Combat
  6703 | D:8      | Found a staircase to the Lair.
  6799 | D:8      | Found Wedunaw's Vocational Training.
  6800 | D:8      | Noticed a two-headed ogre
  6809 | D:8      | Killed a two-headed ogre
  6887 | Temple   | Became a worshipper of Elyvilon the Healer
  7212 | D:9      | Found an ornate altar of the Wu Jian Council.
  7212 | D:9      | Found a glowing golden altar of the Shining One.
  7217 | D:9      | Found an ancient bone altar of Kikubaaqudgha.
  7217 | D:9      | Found a shimmering altar of Xom.
  7367 | D:9      | Found a staircase to the Orcish Mines.
  7649 | D:9      | Reached * piety under Elyvilon
  7988 | D:10     | Entered Level 10 of the Dungeon
  7988 | D:10     | Noticed a wizard
  7988 | D:10     | Noticed Joseph
  7988 | D:10     | Noticed a two-headed ogre
  7989 | D:10     | Noticed a two-headed ogre
  8025 | D:9      | Reached skill level 10 in Unarmed Combat
  8081 | D:10     | Noticed a boulder beetle
  8092 | D:10     | Killed a boulder beetle
  8093 | D:10     | Reached XP level 11. HP: 105/105 MP: 10/10
  8130 | D:10     | Killed a two-headed ogre
  8146 | D:10     | Killed Joseph
  8239 | D:10     | Noticed Snorg
  8256 | D:10     | HP: 2/105 [Snorg (8)]
  8256 | D:10     | Elyvilon protects you from harm!
  8257 | D:10     | Mangled by Snorg

Illustrated notes

Levels and vault maps discovered:
D:1:      dpeg_arrival_solitude, layout_loops_ring, serial_forest,
          infiniplex_forest_straight_2, infiniplex_forest_pool,
          infiniplex_forest_straight_2, infiniplex_forest_clump_small,
          infiniplex_forest_clump_double, infiniplex_forest_clump_medium,
          infiniplex_forest_end_3, infiniplex_forest_clump_cross,
          infiniplex_forest_clump_curved
D:2:      layout_basic
D:3:      layout_basic, serial_bayou, serial_bayou_shore_b,
          serial_bayou_shore_a, serial_bayou_pond_d, serial_bayou_pond_b,
          serial_shops, shop, minmay_misc_feat_four_crosses,
          minmay_misc_feat_doors
D:4:      layout_rooms
D:5:      layout_rooms, kennysheep_little_box, minmay_temple_entry_wispy
D:6:      layout_loops_ring, lemuel_coloured_pillars_altar,
          hangedman_abyss_or_decor_stagger, columned_hall_lemuel,
          guppyfry_shop_venom
D:7:      layout_cave_pools, lemuel_round_altar, minmay_liquid_box,
          hangedman_decor_peaks_small, grunt_ministairs_7, minmay_puff
D:8:      layout_cave_pools, dpeg_oklobed_lair, nicolae_shop_vocational,
          uniq_pikel
D:9:      layout_long_grid, grunt_temple_overflow_open, david_orc_1_choice,
          grunt_ministairs_5
D:10:     cheibrodos_wizards_tower, layout_cave_pools, uniq_joseph, uniq_snorg
Temple:   nicolae_temple_bog_church

Skill      XL: |  1  2  3  4  5  6  7  8  9 10 11 |
---------------+----------------------------------+-----
Shields        | 3 4 5 6 7 |  7.1
Unarmed Combat | 3 4 5 6 7 8 10 | 10.3
Fighting       | 3 4 5 6 |  6.3
Throwing       | 1 2 3 5 6 8 |  8.4
Dodging        | 3 4 |  4.9

Action                     |  1- 3 |  4- 6 |  7- 9 | 10-12 || total
---------------------------+-------+-------+-------+-------++-------
  Melee: Unarmed           |   457 |   105 |   260 |   178 ||  1000
  Throw: Stone             |     8 |    40 |    20 |       ||    68
         Boomerang         |       |     2 |    72 |    54 ||   128
         Dart              |       |       |    24 |    49 ||    73
  Evoke: Wand              |       |       |       |     1 ||     1
    Use: Potion            |       |     3 |     8 |     1 ||    12
         Scroll            |       |       |    10 |     2 ||    12
   Stab: Sleeping          |     1 |       |       |       ||     1
 Armour: Robe              |    28 |    16 |    62 |       ||   106
         Steam dragon scal |       |       |     7 |    20 ||    27
  Dodge: Dodged            |    24 |    21 |    78 |    28 ||   151
  Block: Kite shield       |    51 |    55 |   134 |       ||   240
         Reflection        |       |     3 |     6 |     9 ||    18
         Tower shield      |       |       |   141 |   231 ||   372

Table legend: (Time is in decaauts)
 A = Elapsed time spent in this place.
 B = Non-inter-level travel time spent in this place.
 C = Inter-level travel time spent in this place.
 D = Time resting spent in this place.
 E = Time spent auto-exploring this place.
 F = Levels seen in this place.
 G = Mean time per level.
                   A        B        C        D        E       F      G
               +--------+--------+--------+--------+--------+-----+--------+
         Total |   8345 |   7789 |    556 |     63 |   5527 |  11 |  758.6 |
       Dungeon |   8099 |   7609 |    490 |     63 |   5364 |  10 |  809.9 |
        Temple |    245 |    180 |     65 |      0 |    163 |   1 |  245.0 |
               +--------+--------+--------+--------+--------+-----+--------+

Top non-repeatable levels by time:
     D:1: 1546 daAuts
     D:6: 995 daAuts
     D:9: 985 daAuts
     D:2: 962 daAuts
     D:3: 894 daAuts
     D:7: 828 daAuts
     D:4: 588 daAuts
     D:5: 547 daAuts
     D:8: 533 daAuts
  Temple: 245 daAuts
    D:10: 217 daAuts
